 Dungeon Crawl Stone Soup version 0.17-a0-1914-gde4187c (webtiles) character file.

2384 pk666 the Conjurer (level 9, -2/45 HPs)
             Began as a Deep Elf Wizard on Sept 26, 2015.
             Was a Follower of Sif Muna.
             Slain by a cyan ugly thing (12 damage)
             ... on level 7 of the Dungeon.
             The game lasted 00:29:37 (8243 turns).

pk666 the Conjurer (Deep Elf Wizard)                Turns: 8243, Time: 00:29:39

Health: -2/45      AC:  5    Str:  4    XL:     9   Next: 22%
Magic:  10/20      EV: 15    Int: 27    God:    Sif Muna [*.....]
Gold:   436        SH:  0    Dex: 13    Spells: 5 memorised, 10 levels left

rFire  . . .     SeeInvis .     y - +4 dagger (venom)
rCold  . . .     Clarity  .     a - +0 robe
rNeg   . . .     SustAt   .     (no shield)
rPois  .         Gourm    .     b - +0 hat
rElec  .         Spirit   .     p - +0 cloak
rCorr  .         Warding  .     n - +0 pair of gloves
rMut   .         Stasis   .     J - +0 pair of boots
MR     .....                    N - amulet of faith
Stlth  +++.......               r - +1 ring of evasion
                                v - ring of stealth

@: repel missiles, not resistant to hostile enchantments, fairly stealthy
A: no striking features
a: Channel Energy, Renounce Religion


You were on level 7 of the Dungeon.
You worshipped Sif Muna.
Sif Muna was aware of your devotion.
You were hungry.

You visited 2 branches of the dungeon, and saw 8 of its levels.

You collected 436 gold pieces.

Inventory:

Hand weapons
 y - a +4 dagger of venom (weapon)
Armour
 a - a +0 robe (worn)
 b - a +0 hat (worn)
 n - a +0 pair of gloves (worn)
 p - a +0 cloak (worn)
 J - a +0 pair of boots (worn)
Jewellery
 i - a +5 ring of dexterity
 m - an uncursed ring of positive energy
 r - a +1 ring of evasion (right hand)
 v - a ring of stealth (left hand)
 N - an amulet of faith (around neck)
Magical devices
 z - a wand of disintegration (5)
 G - a wand of paralysis (13)
 Q - a wand of lightning (7)
Scrolls
 e - 4 scrolls of remove curse
 f - 2 scrolls of fear {unknown}
 g - 2 scrolls of recharging {unknown}
 j - 2 scrolls of teleportation {unknown}
 o - 11 scrolls of identify {unknown}
 t - 2 scrolls of blinking {unknown}
 x - 3 scrolls of amnesia {unknown}
 B - 2 scrolls of enchant weapon {unknown}
 C - 2 scrolls of magic mapping {unknown}
 D - a scroll of immolation {unknown}
 F - a scroll of enchant armour {unknown}
 K - 2 scrolls of torment {unknown}
 O - a scroll of noise {unknown}
Potions
 h - a potion of flight {unknown}
 k - 2 potions of brilliance {unknown}
 l - 2 potions of agility {unknown}
 q - a potion of cure mutation {unknown}
 s - 6 potions of curing
 u - 2 potions of heal wounds
 w - 2 potions of lignification
 A - a potion of cancellation {unknown}
 E - 3 potions of poison {unknown}
 I - 4 potions of ambrosia {unknown}
Books
 c - a book of Minor Magic

   Spells                             Type                      Level
   a - Magic Dart                     Conjuration                  1
   b - Blink                          Translocation                2
   c - Call Imp                       Summoning                    2
   d - Repel Missiles                 Charms/Air                   2
   e - Slow                           Hexes                        2
   f - Conjure Flame                  Conjuration/Fire             3
   g - Mephitic Cloud                 Conjuration/Poison/Air       3
 P - a book of the Sky

   Spells                             Type                      Level
   a - Summon Lightning Spire         Summoning/Air                4
   b - Airstrike                      Air                          4
   c - Silence                        Hexes/Air                    5
   d - Deflect Missiles               Charms/Air                   6
   e - Conjure Ball Lightning         Conjuration/Air              6
   f - Tornado                        Air                          9
 R - a book of Geomancy

   Spells                             Type                      Level
   a - Sandblast                      Earth                        1
   b - Stoneskin                      Transmutation/Earth          2
   c - Passwall                       Transmutation/Earth          3
   d - Stone Arrow                    Conjuration/Earth            3
   e - Petrify                        Transmutation/Earth          4
   f - Lee's Rapid Deconstruction     Earth                        5
Comestibles
 d - 3 bread rations
 H - 2 royal jellies
 L - 4 fruits
 M - 2 meat rations


   Skills:
 + Level 4.6 Dodging
 - Level 2.4 Stealth
 + Level 6.6 Spellcasting
 + Level 7.5 Conjurations
   Level 1.1 Summonings
 - Level 2.0 Translocations
 + Level 5.6 Fire Magic
 - Level 4.9 Air Magic
 - Level 5.0 Poison Magic


You had 10 spell levels left.
You knew the following spells:

 Your Spells              Type           Power        Failure   Level  Hunger
d - Conjure Flame         Conj/Fire      #####...     1%          3    None
q - Blink                 Tloc           N/A          4%          2    None
w - Repel Missiles        Chrm/Air       ###...       3%          2    None
x - Mephitic Cloud        Conj/Pois/Air  #####...     1%          3    None
z - Magic Dart            Conj           ####         1%          1    None


Dungeon Overview and Level Annotations

Branches:
Dungeon (7/15)             Temple (1/1) D:6

Altars:
Ashenzari
Cheibriados
Dithmenos
Elyvilon
Fedhas
Gozag
Kikubaaqudgha
Makhleb
Nemelex Xobeh
Okawaru
Qazlal
Ru
Sif Muna
Trog
Vehumet
Xom
Yredelemnul
Zin
The Shining One


Message History

Confirm with . or Enter, or press ? or * to list all spells.
Aiming: Magic Dart
Press: ? - help, Shift-Dir - straight line, f/p - cyan ugly thing
Aim: a cyan ugly thing (flame, moderately wounded)
The magic dart hits the cyan ugly thing.
The cyan ugly thing is moderately wounded.
The cyan ugly thing is engulfed in roaring flames.
The cyan ugly thing barely misses you.
Casting: Magic Dart
Confirm with . or Enter, or press ? or * to list all spells.
Aiming: Magic Dart
Press: ? - help, Shift-Dir - straight line, f/p - cyan ugly thing
Aim: a cyan ugly thing (flame, heavily wounded)
The magic dart hits the cyan ugly thing.
The cyan ugly thing is heavily wounded.
The cyan ugly thing is engulfed in roaring flames.
The cyan ugly thing claws you!
* * * LOW HITPOINT WARNING * * *
The cyan ugly thing shocks you!
You die...

...#. ##.#.#.# ###
#. ##.##.# ##
##.####....# ..
........##.# #ยง
#######.##.##### #.
#####.#....... # #.
#........#####
#...##u####.###.#..#
#
#......@......).##.#
#
#...####.##.######.#
# # #.##.# ###.#####
#.##.# ##........
#.##.###.###.#.##
#.##.....# #...#
#.######.###.### #.#
##.).## #.# ##.##


You could see a cyan ugly thing.

Vanquished Creatures
  Pikel (D:6)
  Prince Ribbit (D:7)
  Edmund (D:4)
  Duvessa (D:7)
  2 black bears
  A phantom (D:6)
  A necrophage (D:6)
  A sky beast (D:5)
  2 slaves (D:6)
  A big kobold (D:7)
  2 giant frogs (D:6)
  2 scorpions
  Dowan (D:7)
  4 hounds
  A giant frog skeleton (D:7)
  An orc priest (D:4)
  3 orc wizards
  Crazy Yiuf (D:4)
  Ijyb (D:3)
  A jelly (D:7)
  A centaur skeleton (D:5)
  3 worker ants
  2 hound skeletons
  7 gnolls
  A shadow imp (D:7)
  11 adders
  An ooze (D:5)
  An adder skeleton (D:6)
  4 worms
  4 giant geckos
  8 orcs
  3 ball pythons
  8 bats
  10 goblins
  4 hobgoblins
  3 jackals
  2 quokkas
  7 giant cockroaches
  2 giant gecko zombies
  2 giant newts (D:3)
  6 kobolds
  6 rats
125 creatures vanquished.

Vanquished Creatures (others)
  A shadow imp (D:6)
  3 orcs (D:6)
  A giant cockroach zombie (D:6)
5 creatures vanquished.

Grand Total: 130 creatures vanquished

Notes
Turn   | Place    | Note
--------------------------------------------------------------
     0 | D:1      | pk666 the Deep Elf Wizard began the quest for the Orb.
     0 | D:1      | Reached XP level 1. HP: 10/10 MP: 7/7
   163 | D:1      | Reached XP level 2. HP: 15/15 MP: 4/9
  1084 | D:2      | Reached skill level 5 in Spellcasting
  1084 | D:2      | Reached XP level 3. HP: 17/19 MP: 0/11
  1088 | D:2      | Learned a level 2 spell: Blink
  1091 | D:2      | Learned a level 2 spell: Repel Missiles
  1095 | D:2      | Learned a level 3 spell: Conjure Flame
  1099 | D:2      | Learned a level 3 spell: Mephitic Cloud
  1688 | D:2      | Reached XP level 4. HP: 24/24 MP: 7/13
  2034 | D:3      | Reached skill level 1 in Air Magic
  2196 | D:3      | Noticed Ijyb
  2205 | D:3      | Killed Ijyb
  2205 | D:3      | Reached skill level 1 in Poison Magic
  2670 | D:3      | Found a glowing golden altar of the Shining One.
  2670 | D:3      | Found a bloodstained altar of Trog.
  2973 | D:3      | Reached XP level 5. HP: 28/28 MP: 12/15
  3155 | D:4      | Reached skill level 6 in Spellcasting
  3402 | D:4      | Noticed Edmund
  3442 | D:4      | Killed Edmund
  3442 | D:4      | Reached XP level 6. HP: 32/32 MP: 12/17
  3601 | D:4      | Noticed Crazy Yiuf
  3611 | D:4      | Killed Crazy Yiuf
  3906 | D:5      | Entered Level 5 of the Dungeon
  4021 | D:5      | Reached skill level 1 in Fire Magic
  4021 | D:5      | Reached XP level 7. HP: 36/36 MP: 2/18
  4964 | D:5      | Reached skill level 5 in Conjurations
  5066 | D:6      | Found a white marble altar of Elyvilon.
  5524 | D:6      | Noticed Pikel
  5531 | D:6      | Killed Pikel
  5531 | D:6      | Reached skill level 5 in Poison Magic
  5531 | D:6      | Reached XP level 8. HP: 38/41 MP: 12/19
  6238 | D:6      | Found a staircase to the Ecumenical Temple.
  6244 | Temple   | Entered the Ecumenical Temple
  6308 | Temple   | Became a worshipper of Sif Muna the Loreminder
  6544 | D:7      | Noticed Dowan
  6561 | D:7      | Killed Dowan
  6589 | D:7      | Noticed Duvessa
  6607 | D:7      | Killed Duvessa
  7101 | D:7      | Noticed Prince Ribbit
  7108 | D:7      | Killed Prince Ribbit
  7108 | D:7      | Reached skill level 7 in Conjurations
  7108 | D:7      | Reached skill level 5 in Fire Magic
  7108 | D:7      | Reached XP level 9. HP: 45/45 MP: 6/20
  7112 | D:7      | Acquired Sif Muna's first power
  8008 | D:7      | Found a shadowy altar of Dithmenos.
  8010 | D:7      | Found a burning altar of Makhleb.
  8010 | D:7      | Found a stormy altar of Qazlal.
  8011 | D:7      | Found an iron altar of Okawaru.
  8012 | D:7      | Found a sacrificial altar of Ru.
  8238 | D:7      | Noticed a cyan ugly thing
  8243 | D:7      | Slain by a cyan ugly thing

Vault maps used:
D:1:      shiori_arrival_maze, columned_hall_lemuel
D:3:      gammafunk_temple_overflow_wave, uniq_iyjb
D:4:      first_bread, uniq_crazy_yiuf_cottage, uniq_edmund
D:5:      black_bear_nest_2
D:6:      minmay_temple_entry_enclosed_plants, minivault_23, elyvilon_altar_5,
          uniq_pikel
D:7:      minitemple, uniq_menkaure, uniq_duvessa, uniq_prince_ribbit1
Temple:   temple_eino_lava_12

Action                   |  1- 3 |  4- 6 |  7- 9 || total
-------------------------+-------+-------+-------++-------
Melee: Dagger            |    12 |    17 |    44 ||    73
 Cast: Magic Dart        |    97 |   101 |   196 ||   394
       Repel Missiles    |     1 |       |       ||     1
       Mephitic Cloud    |       |     9 |    13 ||    22
       Conjure Flame     |       |     5 |    23 ||    28
       Blink             |       |     2 |     7 ||     9
  Use: Scroll            |       |     1 |       ||     1
       Potion            |       |       |     2 ||     2
 Stab: Confused          |       |     2 |     2 ||     4
  Eat: Chunk             |     2 |     7 |    11 ||    20
       Pizza             |       |       |     1 ||     1
